Map: Blackpink LE

Players

Nekota

  • Race: Protoss Protoss
  • Spawn Location: 7:00

Kozzy - Winner!

  • Race: Protoss Protoss
  • League: Gold
  • Spawn Location: 1:00

VOD

Have the link to the VOD?

Description

Time

  • Played on: April 3, 2018, 5:52 p.m.
  • Length: 5:40
Show
View Real Time Build Order
Export as new Build Order

Nekota Protoss 

Build Orders: Oracle Opening 

Get SALT Encoding   

  12  0:00  Probe (Chrono Boost)  
  13  0:13  Probe (Chrono Boost)  
  14  0:27  Pylon  
  14  0:30  Probe  
  15  0:37  Assimilator  
  15  0:45  Probe  
  15  0:47  Gateway  
  16  0:57  Probe  
  17  1:09  Probe, Gateway  
  18  1:21  Probe  
  19  1:27  Assimilator  
  19  1:33  Probe  
  20  1:40  Cybernetics Core  
  20  1:45  Probe (Chrono Boost)  
  21  1:57  Probe (Chrono Boost)  
  22  2:01  Pylon  
  22  2:05  Probe (Chrono Boost)  
  23  2:15  Warp Gate  
  23  2:19  Probe, Zealot  
  23  2:21  Adept  
  28  2:31  Probe  
  28  2:33  Stargate  
  29  2:43  Probe  
  29  2:46  Adept  
  29  2:47  Pylon  
  31  3:05  Probe (Chrono Boost), Adept  
  31  3:07  Stargate  
  34  3:18  Probe (Chrono Boost)  
  35  3:20  Oracle  
  38  3:32  Pylon  
  39  3:34  Probe  
  39  3:50  Adept  
  41  4:02  Probe  
  42  4:03  Oracle  
  45  4:14  Probe  
  46  4:19  Pylon  
  46  4:26  Probe  
  47  4:37  Oracle  
  48  4:40  Probe, Nexus  
  48  4:42  Oracle  
  52  4:48  Forge  
  52  4:52  Probe (Chrono Boost)  
  53  5:01  Pylon  
  53  5:04  Probe (Chrono Boost)  
  54  5:13  Probe (Chrono Boost)  
  55  5:19  Probe  
  59  5:26  Pylon  
Show
View Real Time Build Order
Export as new Build Order

Kozzy Protoss - Winner!

Build Orders:  

Get SALT Encoding   

  12  0:01  Probe  
  13  0:13  Probe  
  14  0:18  Pylon  
  14  0:25  Probe  
  15  0:37  Probe  
  15  0:40  Gateway  
  16  0:49  Probe (Chrono Boost)  
  17  0:58  Probe (Chrono Boost)  
  17  0:59  Assimilator  
  17  1:03  Probe (Chrono Boost)  
  18  1:05  Assimilator  
  19  1:30  Cybernetics Core  
  19  1:55  Pylon  
  19  2:02  Gateway  
  19  2:04  Pylon  
  19  2:07  Forge, Stalker  
  21  2:21  Shield Battery  
  21  2:29  Probe  
  22  2:32  Warp Gate  
  22  2:39  Protoss Ground Weapons Level 1 (Chrono Boost)  
  22  2:41  Probe  
  22  2:43  Pylon  
  23  2:53  Photon Cannon  
  23  3:00  Stalker (Chrono Boost)  
  25  3:16  Stalker (Chrono Boost)  
  27  3:24  Gateway  
  27  3:31  Probe  
  28  3:43  Gateway  
  28  3:57  Stalker  
  28  3:58  Stalker  
  32  4:13  Pylon  
  32  4:20  Pylon  
  32  4:46  Stalker  
  32  4:47  Stalker x2  
  32  4:52  Stalker  
  40  5:08  Pylon  
  40  5:15  Stalker x3  
Tags
 
League
Gold
Matchup
PvP
Spawn Locations
Cross Positions
Add a new tag
Caveats
  • Supply blocks, unpowered buildings, or Contaminate may cause inaccurate times.
  • Supply counts are checked every 10 seconds.